 Dungeon Crawl Stone Soup version 0.30-a0-800-g7c544603b3 (webtiles) character file.

Game seed: 6613118652712534766

107 jlumianski the Covered (level 4, -2/36 HPs)
             Began as a Demonspawn Fighter on Feb 21, 2023.
             Succumbed to a gnoll's poison
             ... on level 3 of the Dungeon.
             The game lasted 00:10:35 (2116 turns).

jlumianski the Covered (Demonspawn Fighter)         Turns: 2116, Time: 00:10:36

Health: -2/36      AC: 13    Str: 22    XL:     4   Next: 57%
Magic:  4/4        EV:  6    Int:  8    God:
Gold:   87         SH:  4    Dex: 12    Spells: 3/3 levels left

rFire   . . .      SeeInvis .    f - +4 hand axe (heavy)
rCold   + . .      Faith    .    c - +0 buckler
rNeg    . . .      Spirit   .    k - +0 plate armour
rPois   .          Reflect  .    (no helmet)
rElec   .          Harm     .    (no cloak)
rCorr   .          Rampage  .    (no gloves)
Will    .....                    (no boots) Stlth
                                 (no amulet)
HPRegen 0.26/turn                (no ring)
MPRegen 0.09/turn                (no ring)

@: lethally poisoned (-2 -> -27)
A: hooves 1, yellow scales 1, cold resistance 1, strong 1
a: no special abilities


You were on level 3 of the Dungeon.
You visited 1 branch of the dungeon, and saw 4 of its levels.

You collected 87 gold pieces.

Inventory:

Hand Weapons
 a - a +0 war axe
 f - a +4 heavy hand axe (weapon)
Missiles
 h - 38 stones (quivered)
 q - 5 poisoned darts
Armour
 b - a +0 scale mail
 c - a +0 buckler (worn)
 k - a +0 plate armour (worn)
Jewellery
 m - a ring of fire
Wands
 r - a wand of paralysis (9)
Scrolls
 e - a scroll of poison
 j - 2 scrolls of teleportation {unknown}
 p - a scroll of butterflies {unknown}
Potions
 d - a potion of might
 g - a potion of magic
 i - a potion of haste
 l - a potion of flight
 n - 2 potions of heal wounds
 o - 2 potions of mutation


   Skills:
 + Level 3.6 Fighting
 + Level 2.9 Axes
 + Level 3.6 Armour
 + Level 0.1 Dodging
 + Level 0.2 Stealth
 + Level 2.8 Shields


You had 3 spell levels left.
You didn't know any spells.
Your spell library contained the following spells:

 Spells                   Type           Power      Damage    Failure   Level
 Necrotise                Necr           0%         1d4       100%        1
 Stone Arrow              Conj/Erth      0%         3d7       100%        3
 Vampiric Draining        Necr           0%         2d6       100%        3
 Animate Armour           Summ/Erth      0%         N/A       100%        4
 Agony                    Necr           0%         N/A       100%        5
 Lehudib's Crystal Spear  Conj/Erth      0%         10d2      100%        8


Dungeon Overview and Level Annotations

Branches:
Dungeon (4/15)
 Temple: D:4-7

Altars:
Makhleb
Nemelex Xobeh


Innate Abilities, Weirdness & Mutations

You have large cloven feet.
You are partially covered in yellow scales. (AC +2)
Your flesh is cold resistant. (rC+)
Your muscles are strong. (Str +4, Int/Dex -1)


Message History

You block the kobold's attack.
You closely miss the kobold. The kobold closely misses you.
The kobold hits you but does no damage.
You slash the kobold!
You kill the kobold!
Things that are here:
a +0 dagger; a kobold corpse HP restored.
A gnoll comes into view. It is wielding a +0 flail.
The gnoll shouts!
You hear a shout!
A gnoll comes into view. It is wielding a +2 whip of venom.
A gnoll comes into view. It is wielding a +0 halberd.
The gnoll shouts!
The gnoll hits you with a +0 flail.
You slash the gnoll!
The gnoll is almost dead.
The gnoll hits you with a +0 flail.
You hit the gnoll. You kick the gnoll.
You kill the gnoll!
You see here a +0 flail.
The gnoll hits you but does no damage.
The gnoll hits you with a +2 whip of venom.
You are poisoned.
You closely miss the gnoll.
You feel very sick. The gnoll hits you but does no damage.
You are more poisoned.
The gnoll hits you from afar with a +0 halberd!
The gnoll closely misses you.
The gnoll hits you from afar with a +0 halberd.
You barely miss the gnoll. Your kick misses the gnoll.
* * * LOW HITPOINT WARNING * * *
You feel very sick.
The gnoll hits you with a +2 whip of venom.
* * * LOW HITPOINT WARNING * * *
You are more poisoned.
The gnoll closely misses you.
You hit the gnoll. You kick the gnoll, but do no damage.
The gnoll is moderately wounded.
You die...

#.
#.#.#..#...###.......
#.##.#.#.....)#
###.....
#.#....†....#.#
####..
#.#..########.# ##.
#.#.).........# #.
#.#.########### ###.
#.........# ###...
######.#####.# #.....
####.......gg@..#
#.....
...........######
#..... ####.#######
#...## # ..... #.....
#..... #...#


You could see 2 gnolls.

Vanquished Creatures
  A gnoll (D:3)
  2 adders (D:2)
  2 worms (D:3)
  3 dart slugs
  4 orcs (D:3)
  7 endoplasms
  2 giant cockroaches
  8 goblins
  6 hobgoblins
  2 kobolds
  4 quokkas
  2 ball pythons (D:1)
  6 bats
  5 frilled lizards (D:1)
  4 rats
58 creatures vanquished.

Notes
Turn   | Place    | Note
-------+----------+-------------------------------------------
     0 | D:1      | jlumianski the Demonspawn Fighter began the quest for the
                  | Orb.
     0 | D:1      | Reached XP level 1. HP: 18/18 MP: 1/1
   124 | D:1      | You fall into a shaft and drop 1 floor!
   204 | D:2      | Gained mutation: You are partially covered in yellow
                  | scales. (AC +2) [demonic ancestry]
   204 | D:2      | Reached XP level 2. HP: 24/24 MP: 2/2
   384 | D:1      | Found a faded altar of an unknown god.
   627 | D:1      | Gained mutation: You have large cloven feet. [demonic
                  | ancestry]
   627 | D:1      | Reached XP level 3. HP: 29/29 MP: 3/3
  1311 | D:2      | Reached XP level 4. HP: 32/35 MP: 4/4
  1796 | D:3      | Found a burning altar of Makhleb.
  1825 | D:3      | Found a sparkling altar of Nemelex Xobeh.
  1878 | D:3      | Gained mutation: Your flesh is cold resistant. (rC+)
                  | [potion of mutation]
  1878 | D:3      | Gained mutation: Your muscles are strong. (Str +4, Int/Dex
                  | -1) [potion of mutation]
  2116 | D:3      | Succumbed to a gnoll's poison

Illustrated notes

Levels and vault maps discovered:
D:1:      lightli_arrival_noodles, layout_loops_ring,
          dilly_ecumenical_altar_fadedgnrine, minmay_octomino_c4
D:2:      layout_loops_ring
D:3:      layout_basic, nemelex_xobeh_ov_fountains_minmay,
          mainiacjoe_overflow_paths, lightli_temple_of_fire,
          lemuel_coloured_pillars_altar, uniq_sigmund
D:4:      layout_loops_cross, lemuel_round_altar, mainiacjoe_overflow_brackets,
          serial_shops, shop, minmay_misc_feat_room, minmay_manual_mail

Skill      XL: |  1  2 |
---------------+-------+-----
Armour         | 3 |  3.6
Axes           | 2 |  2.9
Fighting       | |  3.6
Dodging        | |  0.1
Stealth        | |  0.2
Shields        | |  2.8

Action                     |  1- 3 |  4- 6 || total
---------------------------+-------+-------++-------
  Melee: War axe           |    88 |    25 ||   113
         Kick              |     8 |    10 ||    18
         Hand axe          |       |    14 ||    14
    Use: Scroll            |       |     4 ||     4
         Potion            |       |     2 ||     2
 Armour: Scale mail        |    10 |       ||    10
         Plate armour      |    40 |    19 ||    59
  Dodge: Dodged            |    33 |    11 ||    44
  Block: Buckler           |    17 |     5 ||    22

Table legend: (Time is in decaauts)
 A = Elapsed time spent in this place.
 B = Non-inter-level travel time spent in this place.
 C = Inter-level travel time spent in this place.
 D = Time resting spent in this place.
 E = Time spent auto-exploring this place.
 F = Levels seen in this place.
 G = Mean time per level.
                   A        B        C        D        E       F      G
               +--------+--------+--------+--------+--------+-----+--------+
         Total |   2175 |   2073 |    102 |      0 |   1235 |   4 |  543.8 |
       Dungeon |   2175 |   2073 |    102 |      0 |   1235 |   4 |  543.8 |
               +--------+--------+--------+--------+--------+-----+--------+

Top non-repeatable levels by time:
     D:1: 970 daAuts
     D:2: 764 daAuts
     D:3: 428 daAuts
     D:4: 11 daAuts
